 Dungeon Crawl Stone Soup version 0.31.0-11-ge490571c62 (webtiles) character file.

Game seed: 5922639753635565066

814 hawla the Cleaver (level 7, -2/57 HPs)
             Began as a Minotaur Fighter on Feb 2, 2024.
             Slain by a two-headed ogre
             ... wielding a +0 giant club
              (12 damage)
             ... on level 5 of the Dungeon.
             The game lasted 00:06:10 (2666 turns).

hawla the Cleaver (Minotaur Fighter)                Turns: 2666, Time: 00:06:10

Health: -2/57      AC: 11    Str: 22    XL:     7   Next: 62%
Magic:  15/15      EV:  8    Int:  5    God:
Gold:   238        SH:  4    Dex: 10    Spells: 6/6 levels left

rFire   . . .        a - +0 war axe
rCold   . . .        c - +0 buckler
rNeg    . . .        y - +0 chain mail
rPois   .            e - +0 hat
rElec   .            (no cloak)
rCorr   .            (no gloves)
SInv    .            j - +1 pair of boots
Will    .....        o - amulet of regeneration Stlth
                     h - ring of magical power
HPRegen 1.09/turn    (no ring)
MPRegen 0.14/turn

%: no passive effects
@: about to teleport
A: horns 2, retaliatory headbutt
a: no special abilities


You were on level 5 of the Dungeon.
You visited 1 branch of the dungeon, and saw 5 of its levels.

You collected 238 gold pieces.

Inventory:

Hand Weapons
 a - a +0 war axe (weapon)
Missiles
 g - 9 poisoned darts (quivered)
 x - 2 curare-tipped darts
Armour
 c - a +0 buckler (worn)
 e - a +0 hat (worn)
 j - a +1 pair of boots (worn)
 y - a +0 chain mail (worn)
Jewellery
 h - a ring of magical power (left hand)
 o - an amulet of regeneration (around neck)
Wands
 u - a wand of polymorph (3)
Scrolls
 l - a scroll of revelation
 p - a scroll of butterflies {unknown}
 q - a scroll of teleportation
 r - 2 scrolls of identify {unknown}
 s - a scroll of fear {unknown}
 w - a scroll of torment {unknown}
Potions
 d - a potion of might
 f - a potion of haste {unknown}
 i - a potion of degeneration {unknown}
 k - a potion of brilliance {unknown}
 n - a potion of cancellation {unknown}
 t - a potion of lignification {unknown}
 v - a potion of curing {unknown}


   Skills:
 - Level 3.6 Fighting
 + Level 10.5 Axes
 - Level 3.6 Armour
 - Level 3.6 Shields


You had 6 spell levels left.
You didn't know any spells.
Your spell library was empty.

Dungeon Overview and Level Annotations

Branches:
Dungeon (5/15)
 Temple: D:4-7

Altars:

Shops:
D:3 (


Innate Abilities, Weirdness & Mutations

You have a pair of horns on your head.
You reflexively headbutt those who attack you in melee.


Message History

The orc hits you but does no damage.
Unknown command.
You hit the orc.
The orc is heavily wounded.
You hit the orc but do no damage. You completely miss the orc.
You closely miss the orc. The orc hits you but does no damage.
You block the orc's attack. The orc barely misses you.
The orc hits you but does no damage.
Unknown command.
You closely miss the orc.
The orc is heavily wounded.
You hit the orc but do no damage. You hit the ice beast. You slash the orc!
You kill the orc!
You slash the orc!
You kill the orc!
The orc hits you but does no damage. The orc hits you with a +0 short sword.
The ice beast hits you. The ice beast freezes you!
You hit the ogre.
The ogre is lightly wounded.
You slash the orc!
You kill the orc!
You closely miss the orc. You barely miss the ice beast.
The orc hits you but does no damage.
The ogre hits you with a +0 giant club!!
* * * LOW HITPOINT WARNING * * *
The ice beast barely misses you.
As you read the scroll labelled TOZAKL ZOMPUN, it crumbles to dust.
It is a scroll of enchant armour.
Your +0 pair of boots glows green for a moment.
The orc barely misses you. You furiously retaliate!
You headbutt the orc!
You kill the orc!
The ice beast hits you but does no damage.
As you read the scroll of teleportation, it crumbles to dust.
You feel strangely unstable. The ice beast hits you.
* * * LOW HITPOINT WARNING * * *
The ice beast freezes you!
* * * LOW HITPOINT WARNING * * *
The two-headed ogre attacks as it pursues you!
The two-headed ogre hits you with a +0 giant club!
You die...

#.# .#.#
#.##.... .......
# #.#... ..
#####.#.###.#
#.#...........##
#.....Y........#
#....@O<.......
#....))O......#
#..............
##..........###
#..........#
#............
#..........###
...........#


You could see a two-headed ogre, an ice beast and an ogre.

Vanquished Creatures
  Pikel (D:4)
  A phantom (D:4)
  2 hounds (D:4)
  A sleepcap (D:3)
  Natasha (thrice) (D:4)
  An orc wizard (D:5)
  2 adders (D:2)
  4 ribbon worms
  8 orcs
  2 endoplasms
  3 giant cockroaches
  5 goblins
  6 hobgoblins
  2 jackals (D:4)
  10 kobolds
  2 quokkas
  6 ball pythons
  2 bats
  3 frilled lizards
  5 rats
69 creatures vanquished.

Notes
Turn   | Place    | Note
-------+----------+-------------------------------------------
     0 | D:1      | hawla the Minotaur Fighter began the quest for the Orb.
     0 | D:1      | Reached XP level 1. HP: 19/19 MP: 0/0
   191 | D:1      | Reached skill level 3 in Axes
   198 | D:1      | Reached XP level 2. HP: 21/26 MP: 1/1
   508 | D:2      | Reached skill level 4 in Axes
   604 | D:2      | Reached XP level 3. HP: 31/31 MP: 2/2
  1035 | D:2      | Reached skill level 5 in Axes
  1176 | D:3      | Reached XP level 4. HP: 39/39 MP: 3/3
  1356 | D:3      | Found Gunnuleu's Weapon Shoppe.
  1766 | D:4      | Reached skill level 6 in Axes
  1768 | D:4      | Noticed Natasha
  1773 | D:4      | Killed Natasha
  1774 | D:4      | Reached XP level 5. HP: 45/45 MP: 4/4
  1846 | D:4      | Noticed a lemure
  1846 | D:4      | Noticed a lemure
  1846 | D:4      | Noticed a lemure
  1847 | D:4      | Noticed Pikel
  1848 | D:4      | Noticed a lemure
  1870 | D:4      | Killed Pikel
  1871 | D:4      | Reached skill level 9 in Axes
  1871 | D:4      | Reached XP level 6. HP: 32/51 MP: 5/5
  1871 | D:4      | Reached XP level 7. HP: 36/57 MP: 6/6
  1948 | D:4      | Reached skill level 10 in Axes
  1991 | D:4      | Noticed Natasha
  1996 | D:4      | Killed Natasha
  2124 | D:4      | Noticed Natasha
  2129 | D:4      | Killed Natasha
  2654 | D:5      | Entered Level 5 of the Dungeon
  2658 | D:5      | Noticed a two-headed ogre
  2666 | D:5      | Slain by a two-headed ogre

Illustrated notes

Levels and vault maps discovered:
D:1:      sevenhm_arrival_forest_fort_small_4, layout_rooms
D:2:      layout_loops_cross, nicolae_wormholes
D:3:      layout_rooms, serial_shops, nicolae_shop_rolling_square,
          hellmonk_no_cap
D:4:      layout_basic, minmay_misc_feat_five, minmay_gold_behind_fungi,
          uniq_natasha, uniq_pikel
D:5:      layout_rooms, worldfamousw_hep_ancestral_shrine, uniq_sigmund,
          uniq_duvessa

Skill      XL: |  1  2  3  4  5  6  7 |
---------------+----------------------+-----
Axes           | 3 4 5 6 9 10 | 10.5
Fighting       | |  3.6
Armour         | |  3.6
Shields        | |  3.6

Action                     |  1- 3 |  4- 6 |  7- 9 || total
---------------------------+-------+-------+-------++-------
  Melee: War axe           |    68 |    48 |    31 ||   147
         Headbutt          |    10 |     9 |     4 ||    23
    Use: Scroll            |     4 |     1 |     2 ||     7
 Armour: Scale mail        |    49 |    25 |    11 ||    85
         Chain mail        |       |       |    17 ||    17
  Dodge: Dodged            |    42 |    16 |     9 ||    67
  Block: Buckler           |    12 |    13 |     8 ||    33
